 Dungeon Sprint DCSS version 0.27.1-33-g824d729ab1 (webtiles) character file.

Game seed: 15863965853561285426

1713 McKennaii the Destroyer (level 8, -1/57 HPs)
             Began as a Demigod Air Elementalist on Dec 3, 2021.
             Killed by miscasting Lightning Bolt (5 damage)
             ... in the Dungeon (Sprint II: "The Violet Keep of Menkaure").
             The game lasted 00:05:04 (670 turns).

McKennaii the Destroyer (Demigod Air Elementalist)   Turns: 670, Time: 00:05:05

Health: -1/57      AC:  2    Str:  9    XL:     8   Next: 46%
Magic:  2/26       EV: 12    Int: 25    God:
Gold:   358        SH:  0    Dex: 14    Spells: 9/28 levels left

rFire    . . .     SeeInvis .   (no weapon)
rCold    . . .     Faith    .   (no shield)
rNeg     . . .     Spirit   .   a - +0 robe
rPois    .         Reflect  .   (no helmet)
rElec    .         Harm     .   (no cloak)
rCorr    .         Rampage  .   (no gloves)
Will     .....     Rnd*Rage +   (no boots) Stlth ++........NoTele +
                                (no amulet)
HPRegen  0.19/turn              (no ring)
MPRegen  0.20/turn              (no ring)

@: very slightly contaminated
A: high mp 1, forlorn, berserk 1
a: no special abilities


You were in the Dungeon.
You visited 1 branch You collected 740 gold pieces.
You spent 382 gold pieces at shops.

Inventory:

Armour
 a - a +0 robe (worn)
Scrolls
 g - a scroll of blinking
Potions
 b - a potion of curing
 c - a potion of heal wounds
 d - a potion of haste
 e - 2 potions of magic
 f - a potion of lignification


   Skills:
 - Level 1.7 Dodging
 - Level 1.7 Stealth
 + Level 10.5 Spellcasting
 + Level 11.2 Conjurations
 - Level 9.0 Air Magic


You had 9 spell levels left.
You knew the following spells:

 Your Spells              Type           Power      Damage    Failure   Level
a - Shock                 Conj/Air       100%       1d9       1%          1
b - Static Discharge      Conj/Air       59%        N/A       1%          2
c - Airstrike             Air            27%        N/A       1%          4
d - Swiftness             Air            55%        N/A       1%          3
e - Lightning Bolt        Conj/Air       29%        1d46      1%          5
f - Summon Lightning Spi  Summ/Air       35%        N/A       8%          4

Your spell library contained the following spells:

 Spells                   Type           Power      Damage    Failure   Level


Dungeon Overview and Level Annotations

Branches:
Dungeon (1/1)

Shops:
D (:[:?:[?!*=*!==

Annotations:
D exclusions: ice statue and oklob plant


Innate Abilities, Weirdness & Mutations

Your attributes grow dramatically as you level up.
You have an increased reservoir of magic. (+10% MP)
You shall have no god before yourself.
You tend to lose your temper in combat.


Message History

Your lightning spire shoots out a bolt of lightning at the boulder beetle!
The bolt of electricity hits the boulder beetle.
The bolt of electricity hits the boulder beetle! x2
The bolt of electricity hits the boulder beetle.
Unknown command.
Casting: Lightning Bolt (dangerous; 2% risk of failure)
Confirm with . or Enter, or press ? or * to list all spells.
Aiming: Lightning Bolt (dangerous; 2% risk of failure)
Press: ? - help, Shift-Dir - straight line
Okay, then.
The boulder beetle bites your lightning spire!!
Your lightning spire is destroyed!
Your lightning spire disappears in a puff of smoke!
There is an open door here.
Unknown command.
Casting: Lightning Bolt (dangerous; 2% risk of failure)
Confirm with . or Enter, or press ? or * to list all spells.
Aiming: Lightning Bolt (dangerous; 2% risk of failure)
Press: ? - help, Shift-Dir - straight line, f - boulder beetle
Aim: a boulder beetle (severely wounded, 100% to hit)
You hear a mighty clap of thunder!
The bolt of lightning hits the boulder beetle!
The boulder beetle is almost dead.
The bolt of lightning hits the boulder beetle!!
You kill the boulder beetle!
The boulder beetle bites you!!
Ouch! That really hurt!
* * * LOW HITPOINT WARNING * * *
Your Spellcasting skill increases to level 10!
Your Conjurations skill increases to level 11!
Unknown command.
Unknown command.
Casting: Lightning Bolt (dangerous; 1% risk of failure)
Confirm with . or Enter, or press ? or * to list all spells.
Aiming: Lightning Bolt (dangerous; 1% risk of failure)
Press: ? - help, Shift-Dir - straight line, p - boulder beetle You miscast Lightning Bolt.
You are very lightly contaminated with residual magic.
Energy rips through your body.
You die...

###########≈≈≈...
##∩.∩.....#≈≈≈≈.##+##
##...∩....#≈≈≈≈##.#.## ###
##..∩.∩...#≈≈≈≈#..#..# ..#
##...∩.∩..#≈≈## #...####..##
##....∩.⌠.#≈##.###'###.##..#
##...∩.∩..#≈# #.##.##.).#..#
##..∩.∩...'≈+##.B.<.'.#.+.÷###
##.∩.∩....#≈##.@##.##...#....###
#▓▓▓▓▓▓▓###≈##.###'###.##......≈
##[YY######≈≈### ○#. ###≈≈.....≈
#?YY#{$ ##≈≈≈#.. ..#≈≈≈≈≈≈≈.§§
#∩P[+$.# #†#≈##. .##≈≈≈§≈≈§§.≈
#!.?#(##≈##.#≈≈##+##≈≈≈≈§≈≈≈≈§≈
#$$(###§≈§####≈≈≈≈≈≈≈≈§§≈≈§§≈≈§
##+###≈§≈≈ #+++#+++#≈§≈≈≈≈≈≈≈
°≈°°° ##§§§###≈≈


You could see a boulder beetle.

Vanquished Creatures
  A boulder beetle (D)
  A merfolk siren (D)
  3 neqoxecs (D)
  Menkaure (D)
  4 necrophages (D)
  A hell rat (D)
  A nameless horror (D)
12 creatures vanquished.

Vanquished Creatures (collateral kills)
  A neqoxec (D)
1 creature vanquished.

Vanquished Creatures (others)
  A water moccasin (D)
1 creature vanquished.

Grand Total: 14 creatures vanquished

Notes
Turn   | Place    | Note
-------+----------+-------------------------------------------
     0 | D        | McKennaii the Demigod Air Elementalist began the quest for
                  | the Orb.
     0 | D        | Reached XP level 1. HP: 14/14 MP: 5/5
     1 | D        | Noticed a necrophage
     1 | D        | Noticed a necrophage
     1 | D        | Noticed a necrophage
     1 | D        | Noticed a necrophage
     7 | D        | Killed a necrophage
     8 | D        | Reached skill level 4 in Conjurations
     8 | D        | Reached skill level 5 in Air Magic
     8 | D        | Reached XP level 2. HP: 20/20 MP: 5/10
     8 | D        | Reached XP level 3. HP: 26/26 MP: 5/11
     8 | D        | Reached XP level 4. HP: 33/33 MP: 5/13
    17 | D        | Killed a necrophage
    18 | D        | Reached skill level 5 in Spellcasting
    18 | D        | Reached skill level 5 in Conjurations
    18 | D        | Reached XP level 5. HP: 29/38 MP: 6/16
    23 | D        | Killed a necrophage
    24 | D        | Reached skill level 6 in Conjurations
    24 | D        | Killed a necrophage
    25 | D        | Reached skill level 7 in Conjurations
    25 | D        | Reached XP level 6. HP: 18/45 MP: 1/19
   133 | D        | Learned a level 2 spell: Static Discharge
   138 | D        | Learned a level 4 spell: Airstrike
   142 | D        | Learned a level 3 spell: Swiftness
   152 | D        | Killed a water moccasin
   201 | D        | Noticed a neqoxec
   201 | D        | Noticed a neqoxec
   201 | D        | Noticed a neqoxec
   201 | D        | Noticed a neqoxec
   208 | D        | Noticed a boulder beetle
   208 | D        | Noticed a boulder beetle
   211 | D        | Noticed a merfolk siren
   215 | D        | Killed a merfolk siren
   216 | D        | Reached skill level 8 in Conjurations
   216 | D        | Reached XP level 7. HP: 50/50 MP: 3/22
   326 | D        | Noticed an ice statue
   331 | D        | Found Zyxzynih's Jewellery Shop.
   332 | D        | Found Gebezu's Distillery.
   332 | D        | Found Xeluv's Assorted Antiques.
   332 | D        | Found Coerol's Jewellery Boutique.
   333 | D        | Found Itze's Assorted Antiques.
   333 | D        | Found Ucrem's Distillery.
   333 | D        | Found Lalumiovugh's Magic Scroll Shop.
   333 | D        | Found Xear's Jewellery Shop.
   344 | D        | Found Woz Duvi's Book Boutique.
   344 | D        | Found Pipoilli's Magic Scroll Boutique.
   345 | D        | Found Gujuguor's Antique Armour Boutique.
   347 | D        | Found Nein's Book Shop.
   348 | D        | Found Uhohioc's Antique Armour Boutique.
   348 | D        | Noticed Menkaure
   348 | D        | Noticed a yak
   348 | D        | Noticed a yak
   348 | D        | Noticed a yak
   348 | D        | Noticed an oklob plant
   350 | D        | Noticed a death yak
   351 | D        | Killed Menkaure
   352 | D        | Reached skill level 9 in Conjurations
   352 | D        | Found Seenavin's Antique Weapon Boutique.
   352 | D        | Found Hehix's Book Shoppe.
   365 | D        | Bought a potion of lignification for 30 gold pieces
   367 | D        | Bought a book of Storms for 352 gold pieces
   470 | D        | Learned a level 5 spell: Lightning Bolt
   475 | D        | Learned a level 4 spell: Summon Lightning Spire
   477 | D        | Gained mutation: You tend to lose your temper in combat. [a
                  | neqoxec]
   478 | D        | Killed a neqoxec
   479 | D        | Killed a neqoxec
   479 | D        | Killed a neqoxec
   480 | D        | Reached skill level 10 in Conjurations
   480 | D        | Killed a neqoxec
   481 | D        | Reached XP level 8. HP: 57/57 MP: 5/25
   668 | D        | Killed a boulder beetle
   669 | D        | Reached skill level 10 in Spellcasting
   669 | D        | Reached skill level 11 in Conjurations
   670 | D        | Killed by miscasting Lightning Bolt

Illustrated notes

Levels and vault maps discovered:
D:        the_violet_keep_of_menkaure [sprint2_stairs_cluster_1,
          sprint2_shoproom, sprint2_temple, sprint2_basic_supplies,
          sprint2_obstacle_2, sprint2_obstacle_7, sprint2_obstacle_4,
          sprint2_obstacle_6, sprint2_obstacle_3, sprint2_timed_cluster_1,
          sprint2_smallroom_cluster_1, sprint2_smallroom_final_cluster_1,
          sprint2_transparent_cluster_1, sprint2_second_timed_cluster_1,
          sprint2_sniper_area_1, sprint2_heavy_combat_area_1,
          sprint2_mutation_trap_area_1, sprint2_forest_area_1,
          sprint2_light_combat_area_1, sprint2_behind_water_1,
          sprint2_near_end_vault_1]

Skill      XL: |  1  2  3  4  5  6  7  8 |
---------------+-------------------------+-----
Spellcasting   | 4 5 6 8 9 10 | 10.5
Conjurations   | 4 5 7 8 10 11 | 11.2
Air Magic      | 5 6 7 9 |  9.0
Dodging        | |  1.7
Stealth        | |  1.7

Action                   |  1- 3 |  4- 6 |  7- 9 || total
-------------------------+-------+-------+-------++-------
Melee: Unarmed           |     4 |    10 |       ||    14
 Cast: Shock             |     1 |     6 |       ||     7
       Airstrike         |       |     4 |     5 ||     9
       Lightning Bolt    |       |       |     7 ||     7
       Summon Lightning  |       |       |     2 ||     2
       Swiftness         |       |       |     1 ||     1
  Use: Potion            |     1 |       |       ||     1
Armor: Robe              |     1 |       |       ||     1
Dodge: Dodged            |       |     9 |     1 ||    10
